 Dungeon Crawl Stone Soup version 0.22-a0-422-g9628fc87f1 (webtiles) character file.

56 Kriby the Ducker (level 3, -1/18 HPs)
             Began as a Spriggan Gladiator on May 19, 2018.
             Slain by a goblin
             ... wielding a +0 club
             ... led by Robin
              (3 damage)
             ... on level 2 of the Dungeon.
             The game lasted 00:01:09 (1689 turns).

Kriby the Ducker (Spriggan Gladiator)               Turns: 1689, Time: 00:01:10

Health: -1/18      AC:  2    Str: 11    XL:     3   Next: 69%
Magic:  4/4        EV: 21    Int: 14    God:
Gold:   65         SH:  0    Dex: 17    Spells: 2/2 levels left

rFire    . . .     SeeInvis +   a - +0 quarterstaff
rCold    . . .     Gourm    .   (shield currently unavailable)
rNeg     . . .     Faith    .   b - +0 robe
rPois    .         Spirit   .   c - +0 hat
rElec    .         Reflect  .   (no cloak)
rCorr    .         Harm     .   (gloves unavailable)
MR       .....                  (boots unavailable)
Stlth    ++........             (no amulet)
HPRegen  0.06/turn              (no ring)
MPRegen  0.09/turn              (no ring)

@: brilliant, very quick
A: very small, unfitting armour, see invisible, herbivore, speed 3, slow
metabolism 2
a: no special abilities


You were on level 2 of the Dungeon.
You were not hungry.

You visited 1 branch of the dungeon, and saw 2 of its levels.

You collected 65 gold pieces.

Inventory:

Hand Weapons
 a - a +0 quarterstaff (weapon)
Missiles
 d - 3 throwing nets (quivered)
Armour
 b - a +0 robe (worn)
 c - a +0 hat (worn)
Scrolls
 e - a scroll of enchant armour {unknown}
 g - a scroll of fear {unknown}
 h - a scroll of immolation {unknown}
 j - 6 scrolls of identify {unknown}
 l - a scroll of teleportation {unknown}
Potions
 k - a potion of resistance {unknown}
 m - a potion of might {unknown}
Comestibles
 f - 2 rations {@e1}


   Skills:
 + Level 2.1 Fighting
 + Level 2.5 Staves
 - Level 2.0 Throwing
 * Level 5.8 Dodging


You had 2 spell levels left.
You didn't know any spells.
Your spell library was empty.

Dungeon Overview and Level Annotations

Branches:
Dungeon (2/15)

Altars:
Cheibriados


Innate Abilities, Weirdness & Mutations

You are very small and have problems with some larger weapons.
You are too small for most types of armour.
You have supernaturally acute eyesight. (SInv)
You are a herbivore.
You cover ground extremely quickly.
You need to consume almost no food.


Message History

The goblin completely misses you. The hobgoblin barely misses you.
You closely miss the goblin.
The goblin is heavily wounded.
The goblin closely misses you. The hobgoblin misses you.
You closely miss the goblin.
The goblin is heavily wounded.
The goblin closely misses you. The hobgoblin closely misses you.
You closely miss the goblin.
The goblin is heavily wounded.
The goblin hits you with an uncursed club.
* * * LOW HITPOINT WARNING * * *
The hobgoblin hits you with a club.
* * * LOW HITPOINT WARNING * * *
You hit the goblin.
The goblin is heavily wounded.
The goblin completely misses you. The hobgoblin completely misses you.
It was a potion of brilliance.
You feel clever all of a sudden.
The goblin hits you with an uncursed club.
You die...

#######
###?....#####
............
#.##........
#.....g..#.###
#..@)......
###(g#####!
(#.# .# #. ##
##


You could see a hobgoblin and a goblin.

Vanquished Creatures
  Robin (D:1)
  A gnoll (D:1)
  A dart slug (D:1)
  A leopard gecko (D:1)
  2 bats (D:1)
  A giant cockroach (D:1)
  8 goblins
  6 hobgoblins (D:1)
  5 kobolds (D:1)
  2 frilled lizards (D:1)
  A rat (D:1)
29 creatures vanquished.

Notes
Turn   | Place    | Note
-------+----------+-------------------------------------------
     0 | D:1      | Kriby the Spriggan Gladiator began the quest for the Orb.
     0 | D:1      | Reached XP level 1. HP: 10/10 MP: 2/2
   171 | D:1      | Found a snail-covered altar of Cheibriados.
   184 | D:1      | Reached XP level 2. HP: 10/15 MP: 3/3
   381 | D:1      | Reached skill level 5 in Dodging
   814 | D:1      | Reached XP level 3. HP: 15/18 MP: 4/4
  1191 | D:2      | Noticed Robin
  1226 | D:1      | Killed Robin
  1689 | D:2      | Slain by a goblin

Vault maps used:
D:1:      dpeg_arrival_court, cheibriados_altar_1
D:2:      minmay_misc_feat_iff, uniq_robin

Skill      XL: |  1  2 |
---------------+-------+-----
Dodging        | 5 |  5.8
Fighting       | 2 |  2.1
Staves         | |  2.5
Throwing       | |  2.0

Action                   || total
-------------------------++-------
Melee: Quarterstaff      ||    90
  Use: Potion            ||     1
 Stab: Sleeping          ||     2
Armor: Robe              ||     7
Dodge: Dodged            ||   138

Table legend:
 A = Spawn XP
 B = Non-spawn XP
 C = Spawn XP percentage of total XP
 D = Spawn monster count
 E = Non-spawn monster count
 F = Spawn count percentage of total count
 G = Total turns spent on level
                    A         B        C        D         E        F      G
               +---------+---------+-------+---------+---------+-------+---------
         Total |       0 |      80 |   0.0 |       0 |      29 |   0.0 |  1689
               +---------+---------+-------+---------+---------+-------+---------
           D:1 |       0 |      78 |   0.0 |       0 |      28 |   0.0 |  1673
           D:2 |       0 |       2 |   0.0 |       0 |       1 |   0.0 |    16
               +---------+---------+-------+---------+---------+-------+---------
